 Dungeon Crawl Stone Soup version 0.30-a0-141-g30f27751c5 (webtiles) character file.

Game seed: 3439744103413609763

24170 qw the Cleaver (level 13, -2/80 HPs)
             Began as a Gargoyle Fighter on Sept 25, 2022.
             Was an Elder of Okawaru.
             Slain by a six-headed hydra (8 damage)
             ... on level 3 of the Lair of Beasts.
             The game lasted 00:04:39 (12460 turns).

qw the Cleaver (Gargoyle Fighter)                  Turns: 12460, Time: 00:04:40

Health: -2/80      AC: 35    Str: 25    XL:     13   Next: 11%
Magic:  20/20      EV: 10    Int:  9    God:    Okawaru [****..]
Gold:   501        SH: 12    Dex:  9    Spells: 12/12 levels left

rFire   + . .      SeeInvis .    k - +0 morningstar
rCold   + . .      Faith    .    q - +0 kite shield
rNeg    + . .      Spirit   .    y - +4 chain mail "Polanuf" {rC++}
rPois   inf        Reflect  .    g - +1 helmet
rElec   +          Harm     .    v - +2 cloak
rCorr   .          Rampage  .    p - +0 pair of gloves
Will    +....                    n - +0 pair of boots
Stlth   ..........               (no amulet)
HPRegen 0.23/turn                r - ring of willpower
MPRegen 0.17/turn                l - ring of fire

@: heroic
A: sickness immunity, AC +9, negative energy resistance 1, electricity
resistance, torment resistance 1, petrification resistance
a: Renounce Religion, Heroism, Finesse


You were on level 3 of the Lair of Beasts.
You worshipped Okawaru.
Okawaru was greatly pleased with you.
You visited 3 branches of the dungeon, and saw 13 of its levels.

You collected 826 gold pieces.
You spent 325 gold pieces at shops.


Innate Abilities, Weirdness & Mutations

You are immune to sickness and miasma.
Your stone body is resilient. (AC +9)
You are immune to poison.
You resist negative energy. (rN+)
You are resistant to electric shocks. (rElec)
You are resistant to unholy torment.
You are immune to petrification.


   Skills:
 - Level 9.0(14.0) Fighting
 + Level 11.7(16.7) Axes
 - Level 4.1(9.1) Throwing
 - Level 8.5(13.5) Armour
 - Level 2.7(7.7) Dodging
 - Level 10.0(15.0) Shields
 - Level 10.1 Invocations


You had 12 spell levels left.
You didn't know any spells.
Your spell library was empty.

Inventory:

Hand Weapons
 k - a +0 morningstar (weapon)
 Y - a +2 vampiric war axe
Missiles
 f - 3 silver javelins (quivered)
Armour
 g - a +1 helmet (worn)
 n - a +0 pair of boots (worn)
 p - a +0 pair of gloves (worn)
 q - a +0 kite shield (worn)
 s - the +6 scale mail of Eroycus {-Tele Regen+ Dex+3}
   (You found it on level 2 of the Lair of Beasts)

   Dex:       It affects your dexterity (+3).
   -Tele:     It prevents most forms of teleportation.
   Regen:     It increases your rate of health regeneration.
 v - a +2 cloak (worn)
 y - the +4 chain mail "Polanuf" (worn) {rC++}
   (You found it on level 1 of the Lair of Beasts)

   rC:        It greatly protects you from cold.
Jewellery
 l - a ring of fire (right hand)
 r - a ring of willpower (left hand)
Scrolls
 a - 4 scrolls of identify
 x - a scroll of brand weapon
Potions
 c - 3 potions of attraction
 d - a potion of might
 e - 4 potions of haste
 i - a potion of mutation
 j - 2 potions of cancellation
 m - 2 potions of curing
 o - a potion of resistance
 t - a potion of lignification

Dungeon Overview and Level Annotations

Branches:
Dungeon (9/15)             Temple (1/1) D:4            Lair (3/5) D:9
 Shoals (0/4) Lair:2        Snake (0/4) Lair:3
    Orc: D:9-12

Altars:
Ashenzari
Cheibriados
Dithmenos
Fedhas
Hepliaklqana
Kikubaaqudgha
Makhleb
Nemelex Xobeh
Okawaru
Qazlal
Ru
Sif Muna
Trog
Uskayaw
Vehumet
Wu Jian
Xom
Yredelemnul
Zin
The Shining One

Shops:
D:5 (   D:8 *

Portals:
Abyss: Lair:1

Annotations:
D:5 1 runed translucent door, Crazy Yiuf
Lair:1 2 transporters, Keadol's ghost, journeyman DrCj
Lair:3 Nessos


Message History

Nessos blinks!
The six-headed hydra bites you but does no damage. x3
You block the six-headed hydra's attack.
The six-headed hydra bites you but does no damage. x2
You impale the six-headed hydra!!
The six-headed hydra is heavily wounded.
Nessos mumbles some strange words.
Nessos blinks!
Nessos shoots an arrow.
You block the arrow.
You barely miss the six-headed hydra.
The six-headed hydra is heavily wounded.
Nessos shoots an arrow.
You block the arrow.
You block the six-headed hydra's attack.
The six-headed hydra bites you but does no damage.
You block the six-headed hydra's attack.
The six-headed hydra bites you. The six-headed hydra misses you.
The six-headed hydra bites you but does no damage.
Nessos shoots an arrow.
The arrow hits you but does no damage.
You hit the six-headed hydra but do no damage.
The six-headed hydra is heavily wounded.
Nessos shoots an arrow.
The arrow hits you but does no damage.
You block the six-headed hydra's attack. x3
The six-headed hydra barely misses you. x2; The six-headed hydra bites you.
Nessos shoots an arrow.
The arrow hits you! The arrow burns you.
You impale the six-headed hydra!!
The six-headed hydra is severely wounded.
Nessos shoots an arrow.
The arrow misses you.
The arrow hits the fungus!
The fungus begins to die.
The arrow burns the fungus.
The six-headed hydra barely misses you. The six-headed hydra bites you.
You block the six-headed hydra's attack.
The six-headed hydra completely misses you.
You block the six-headed hydra's attack.
The six-headed hydra bites you!
Nessos shoots an arrow.
The arrow hits you but does no damage.
You sock the six-headed hydra!
The six-headed hydra is almost dead.
Nessos mumbles some strange words.
Nessos blinks!
The six-headed hydra bites you.
The six-headed hydra bites you but does no damage.
The six-headed hydra misses you. The six-headed hydra bites you!
You die...

......P................
.#.##...........P.......
........................
....P...........###.....
.......................
.##....P%.ยค...##..#.....
........%%%.............
......D.%....##..P.....#
.......@%...............
..P..P.##.###..#.P.##.P.
.....c..................
..#.P..#..##.....##.....
|.......................
###....#.#.#.####..#P...
##...#..##.####..##..# .
....
$.................... .#
.P.## . .. .#.#.#.......#


You could see Nessos (fast) and a six-headed hydra.

Vanquished Creatures
  A hydra (Lair:3)
  2 catoblepae
  A two-headed ogre (D:7)
  A death yak (Lair:2)
  4 elephants (Lair:1)
  A torpor snail (Lair:2)
  A black mamba (Lair:3)
  7 cane toads
  3 komodo dragons
  A polar bear (Lair:3)
  Grinder (D:4)
  A hornet (D:6)
  Sigmund (D:5)
  10 yaks
  2 wyverns
  11 water moccasins
  2 ice beasts
  An orc warrior (D:8)
  A black bear (D:4)
  17 wolves
  An ogre (D:4)
  3 centaurs
  2 kobold brigands
  2 phantoms
  2 gnoll sergeants (D:9)
  5 bullfrogs
  A necrophage (D:5)
  2 wyvern zombies (D:8)
  3 scorpions
  8 wights
  8 killer bees
  A howler monkey (D:5)
  2 centaur zombies (D:8)
  3 jellies
  5 orc priests
  3 hounds
  Natasha (thrice) (D:4)
  2 iguanas (D:5)
  9 orc wizards
  6 hell rats (Lair:3)
  2 killer bee zombies (D:8)
  A howler monkey zombie (D:8)
  10 gnolls (D:9)
  7 adders
  A white imp (D:5)
  3 ufetubi
  A worm (D:4)
  4 dart slugs
  34 orcs
  8 ball pythons
  3 endoplasms
  5 giant cockroaches
  5 goblins
  5 hobgoblins
  7 jackals
  2 quokkas
  5 bats
  3 frilled lizards
  17 kobolds
  6 rats
269 creatures vanquished.

Vanquished Creatures (others)
  16 fungi
  27 plants
  A withered plant (D:8)
44 creatures vanquished.

Grand Total: 313 creatures vanquished

Notes
Turn   | Place    | Note
-------+----------+-------------------------------------------
     0 | D:1      | qw the Gargoyle Fighter began the quest for the Orb.
     0 | D:1      | Reached XP level 1. HP: 14/14 MP: 1/1
     0 | D:1      | 0 ||| qw: Version: 0.2-a-10-g399e6c4
     0 | D:1      | 0 ||| qw: Game counter: 190
     0 | D:1      | 0 ||| qw: Always use a shield: true
     0 | D:1      | 0 ||| qw: God list: Okawaru
     0 | D:1      | 0 ||| qw: Allow faded altars: false
     0 | D:1      | 0 ||| qw: Do Orc after D:15 true
     0 | D:1      | 0 ||| qw: Do second Lair branch before Depths: true
     0 | D:1      | 0 ||| qw: Lair rune preference: random
     0 | D:1      | 0 ||| qw: Plans: Normal, Zot:1-4, God:TSO, Crypt, Tomb,
                  | Pan, Slime:5, Hells, Abyss, Orb
     0 | D:1      | 0 ||| PLANNING D:1-11
    66 | D:1      | Reached skill level 2 in Axes
   134 | D:1      | Reached XP level 2. HP: 19/19 MP: 2/2
   135 | D:1      | 135 ||| Stepping ~*~*~tactically~*~*~ (hiding).
   281 | D:1      | 281 ||| DROPPING +0 club.
   397 | D:1      | 397 ||| Stepping ~*~*~tactically~*~*~ (stealth).
   408 | D:1      | Reached skill level 3 in Axes
   416 | D:1      | Reached XP level 3. HP: 23/23 MP: 3/3
   837 | D:1      | 837 ||| UPGRADING to +1 helmet.
   842 | D:1      | 842 ||| READING 3 scrolls labelled HIMUZOJUTT.
   843 | D:1      | 843 ||| READING scroll labelled LOVUIH XICSEY.
   844 | D:1      | 844 ||| READING 2 scrolls of identify.
   844 | D:1      | 844 ||| IDENTIFYING viscous grey potion
   886 | D:2      | 886 ||| Stepping ~*~*~tactically~*~*~ (stealth).
   920 | D:2      | Found a faded altar of an unknown god.
  1599 | D:2      | 1599 ||| READING 2 scrolls labelled SEHONY MUUCLIO.
  1600 | D:2      | 1600 ||| READING scroll labelled KUUWUE ZABLAPT.
  1601 | D:2      | 1601 ||| READING scroll labelled SIMEL YTUR.
  1602 | D:2      | 1602 ||| DRINKING 2 pink potions.
  1603 | D:2      | 1603 ||| READING 3 scrolls of identify.
  1603 | D:2      | 1603 ||| IDENTIFYING murky green potion
  1604 | D:2      | 1604 ||| READING 2 scrolls of identify.
  1604 | D:2      | 1604 ||| IDENTIFYING grey potion
  1605 | D:2      | 1605 ||| DROPPING scroll of immolation.
  1606 | D:2      | 1606 ||| DROPPING potion of ambrosia.
  1648 | D:3      | 1648 ||| STAIRDANCE
  1705 | D:3      | Reached XP level 4. HP: 23/28 MP: 4/4
  1705 | D:3      | 1705 ||| STAIRDANCE
  1771 | D:3      | Found the +7 Kryia's mail coat {PotionHeal*2 rC+}
  1898 | D:3      | Reached skill level 4 in Axes
  1945 | D:3      | 1945 ||| Stepping ~*~*~tactically~*~*~ (stealth).
  1948 | D:3      | 1948 ||| Stepping ~*~*~tactically~*~*~ (stealth).
  2012 | D:3      | 2012 ||| Stepping ~*~*~tactically~*~*~ (stealth).
  2202 | D:3      | 2202 ||| UPGRADING to +7 Kryia's mail coat {PotionHeal*2
                  | rC+}.
  2212 | D:3      | 2212 ||| DROPPING +0 scale mail.
  2213 | D:3      | 2213 ||| UPGRADING to +0 pair of boots.
  2218 | D:3      | 2218 ||| UPGRADING to +0 kite shield.
  2228 | D:3      | 2228 ||| DROPPING +0 buckler.
  2229 | D:3      | 2229 ||| READING scroll labelled WUPPYARPHAI.
  2234 | D:3      | 2234 ||| DRINKING 2 fuming amethyst potions.
  2263 | D:4      | 2263 ||| Stepping ~*~*~tactically~*~*~ (stealth).
  2270 | D:4      | 2270 ||| Stepping ~*~*~tactically~*~*~ (stealth).
  2302 | D:4      | Reached XP level 5. HP: 12/32 MP: 5/5
  2302 | D:4      | HP: 7/32 [orc/+0 hand axe (5)]
  2569 | D:4      | Reached XP level 6. HP: 37/37 MP: 6/6
  2603 | D:4      | Noticed Grinder
  2604 | D:4      | 2604 ||| Stepping ~*~*~tactically~*~*~ (hiding).
  2605 | D:4      | 2605 ||| Stepping ~*~*~tactically~*~*~ (hiding).
  2611 | D:4      | 2611 ||| FLEEEEING.
  2612 | D:4      | 2612 ||| FLEEEEING.
  2613 | D:4      | 2613 ||| FLEEEEING.
  2614 | D:4      | 2614 ||| FLEEEEING.
  2615 | D:4      | 2615 ||| FLEEEEING.
  2616 | D:4      | 2616 ||| FLEEEEING.
  2617 | D:4      | 2617 ||| FLEEEEING.
  2618 | D:4      | 2618 ||| FLEEEEING.
  2619 | D:4      | 2619 ||| FLEEEEING.
  2620 | D:4      | 2620 ||| FLEEEEING.
  2621 | D:4      | 2621 ||| FLEEEEING.
  2622 | D:4      | 2622 ||| FLEEEEING.
  2625 | D:4      | 2625 ||| FLEEEEING.
  2626 | D:4      | 2626 ||| STAIRDANCE
  2653 | D:3      | 2653 ||| READING scroll labelled ASOCILUNUERE.
  2654 | D:3      | 2654 ||| READING scroll labelled OSIZAVVUTAP.
  2665 | D:4      | Killed Grinder
  2666 | D:4      | Reached skill level 5 in Axes
  2841 | D:4      | Noticed a black bear
  2842 | D:4      | Noticed Natasha
  2849 | D:4      | Reached XP level 7. HP: 40/43 MP: 7/7
  2850 | D:4      | Reached skill level 1 in Dodging
  2860 | D:4      | 2860 ||| Stepping ~*~*~tactically~*~*~ (stealth).
  2876 | D:4      | 2876 ||| Stepping ~*~*~tactically~*~*~ (stealth).
  2878 | D:4      | 2878 ||| Stepping ~*~*~tactically~*~*~ (stealth).
  2879 | D:4      | Found a sparkling altar of Nemelex Xobeh.
  2921 | D:4      | 2921 ||| Stepping ~*~*~tactically~*~*~ (hiding).
  3018 | D:4      | 3018 ||| Stepping ~*~*~tactically~*~*~ (hiding).
  3019 | D:4      | 3019 ||| Stepping ~*~*~tactically~*~*~ (hiding).
  3022 | D:4      | Killed Natasha
  3188 | D:4      | Noticed Natasha
  3189 | D:4      | 3189 ||| Stepping ~*~*~tactically~*~*~ (hiding).
  3192 | D:4      | Killed Natasha
  3399 | D:4      | Noticed Natasha
  3408 | D:4      | Killed Natasha
  3540 | D:4      | Found a staircase to the Ecumenical Temple.
  3541 | D:4      | 3541 ||| PLANNING TEMPLE
  3541 | D:4      | 3541 ||| READING 3 scrolls of identify.
  3541 | D:4      | 3541 ||| IDENTIFYING inky potion
  3542 | D:4      | 3542 ||| READING 2 scrolls of identify.
  3542 | D:4      | 3542 ||| IDENTIFYING lumpy clear potion
  3548 | Temple   | Entered the Ecumenical Temple
  3574 | Temple   | 3574 ||| PLANNING D:1-11
  3642 | D:5      | Entered Level 5 of the Dungeon
  3656 | D:5      | Reached skill level 6 in Axes
  3856 | D:5      | Found Sopyta's Weapon Boutique.
  3875 | D:5      | 3875 ||| SHOPLISTING +4 war axe of Extinguishment {speed,
                  | Str+5} (576 gold, have 240).
  3897 | D:5      | Noticed Sigmund
  3900 | D:5      | Found a hazy altar of Hepliaklqana.
  3901 | D:5      | 3901 ||| DRINKING 2 potions of curing.
  3901 | D:5      | 3901 ||| (to cure confusion)
  3910 | D:5      | Killed Sigmund
  3911 | D:5      | Reached skill level 6 in Shields
  3911 | D:5      | Reached XP level 8. HP: 44/48 MP: 8/8
  3914 | D:5      | 3914 ||| Stepping ~*~*~tactically~*~*~ (stealth).
  3917 | D:5      | 3917 ||| Stepping ~*~*~tactically~*~*~ (stealth).
  3953 | D:5      | 3953 ||| DROPPING +0 mace.
  3991 | D:5      | 3991 ||| Stepping ~*~*~tactically~*~*~ (stealth).
  4384 | D:5      | Found a runed translucent door.
  4385 | D:5      | Noticed Crazy Yiuf
  4417 | D:5      | Found a shimmering blue altar of Sif Muna.
  4418 | D:5      | Found an iron altar of Okawaru.
  4419 | D:5      | 4419 ||| PLANNING OKAWARU WORSHIP
  4419 | D:5      | 4419 ||| UPGRADING to ring of willpower.
  4420 | D:5      | 4420 ||| READING scroll labelled SOSOEKH TOSENE.
  4421 | D:5      | 4421 ||| DRINKING 2 lumpy emerald potions.
  4422 | D:5      | 4422 ||| READING 2 scrolls of identify.
  4422 | D:5      | 4422 ||| IDENTIFYING lumpy yellow potion
  4423 | D:5      | 4423 ||| DROPPING potion of invisibility.
  4428 | D:5      | Became a worshipper of Warmaster Okawaru
  4429 | D:5      | 4429 ||| PLANNING D:1-11
  4441 | D:5      | Reached skill level 7 in Axes
  4553 | D:5      | 4553 ||| Stepping ~*~*~tactically~*~*~ (hiding).
  4605 | D:5      | 4605 ||| DROPPING +0 flail.
  4696 | D:5      | 4696 ||| READING scroll labelled ARHI EXZOS.
  5495 | D:6      | 5495 ||| FLEEEEING.
  5751 | D:6      | Reached skill level 8 in Axes
  5751 | D:6      | Reached XP level 9. HP: 54/54 MP: 9/9
  5939 | D:6      | 5939 ||| UPGRADING to +0 pair of gloves.
  5944 | D:6      | 5944 ||| UPGRADING to +2 cloak.
  5949 | D:6      | 5949 ||| DROPPING amulet of magic regeneration.
  5950 | D:6      | 5950 ||| READING scroll labelled METHAVAMAIR.
  5951 | D:6      | 5951 ||| READING scroll labelled DEL ASTRATE.
  5952 | D:6      | 5952 ||| DRINKING 2 bubbling brown potions.
  6057 | D:6      | 6057 ||| READING 2 scrolls of identify.
  6057 | D:6      | 6057 ||| IDENTIFYING bubbling sapphire potion
  6058 | D:6      | 6058 ||| DROPPING potion of brilliance.
  6059 | D:6      | 6059 ||| DROPPING potion of berserk rage.
  6088 | D:7      | 6088 ||| STAIRDANCE
  6094 | D:7      | Noticed a hornet
  6095 | D:7      | 6095 ||| STAIRDANCE
  6103 | D:7      | 6103 ||| STAIRDANCE
  6116 | D:7      | 6116 ||| STAIRDANCE
  6142 | D:7      | 6142 ||| STAIRDANCE
  6148 | D:6      | Killed a hornet
  6148 | D:6      | Reached * piety under Okawaru
  6149 | D:6      | Reached skill level 6 in Fighting
  6151 | D:7      | 6151 ||| Stepping ~*~*~tactically~*~*~ (hiding).
  6154 | D:7      | 6154 ||| Stepping ~*~*~tactically~*~*~ (hiding).
  6156 | D:7      | 6156 ||| Stepping ~*~*~tactically~*~*~ (hiding).
  6204 | D:7      | Noticed a two-headed ogre
  6205 | D:7      | 6205 ||| INVOKING Heroism.
  6210 | D:7      | Killed a two-headed ogre
  6211 | D:7      | Reached skill level 3 in Invocations
  6216 | D:7      | 6216 ||| INVOKING Heroism.
  6232 | D:7      | 6232 ||| INVOKING Heroism.
  6237 | D:7      | Reached ** piety under Okawaru
  6345 | D:7      | Found a hide-covered altar of Uskayaw.
  6593 | D:7      | 6593 ||| READING scroll labelled LUZUBRA VOREH.
  6594 | D:7      | 6594 ||| DRINKING 2 murky inky potions.
  6595 | D:7      | 6595 ||| DRINKING 2 green potions.
  6638 | D:7      | 6638 ||| DROPPING potion of degeneration.
  6675 | D:8      | 6675 ||| STAIRDANCE
  6683 | D:8      | 6683 ||| STAIRDANCE
  6732 | D:8      | 6732 ||| STAIRDANCE
  6781 | D:8      | 6781 ||| INVOKING Heroism.
  6782 | D:8      | 6782 ||| STAIRDANCE
  6786 | D:7      | Reached skill level 9 in Axes
  6786 | D:7      | Reached XP level 10. HP: 51/61 MP: 10/13
  6837 | D:8      | 6837 ||| STAIRDANCE
  6949 | D:8      | Found a sacrificial altar of Ru.
  6965 | D:8      | 6965 ||| Stepping ~*~*~tactically~*~*~ (hiding).
  6970 | D:8      | 6970 ||| INVOKING Heroism.
  7167 | D:8      | 7167 ||| Stepping ~*~*~tactically~*~*~ (hiding).
  7341 | D:8      | Found Rum Xorph's Assorted Antiques.
  7347 | D:8      | 7347 ||| INVOKING Heroism.
  7352 | D:8      | Reached skill level 9 in Shields
  7370 | D:8      | 7370 ||| INVOKING Heroism.
  7411 | D:8      | 7411 ||| BUYING potion of haste (250 gold).
  7411 | D:8      | Bought a potion of haste for 250 gold pieces
  7411 | D:8      | 7411 ||| SHOPLISTING scratched brass ring (125 gold, have
                  | 107).
  7411 | D:8      | 7411 ||| BUYING scroll of teleportation (75 gold).
  7411 | D:8      | Bought a scroll of teleportation for 75 gold pieces
  7445 | D:8      | 7445 ||| READING scroll of brand weapon.
  7445 | D:8      | 7445 ||| BRANDING +1 vorpal war axe.
  7580 | D:8      | 7580 ||| READING scroll labelled BEGOPHITOF.
  7636 | D:9      | 7636 ||| Stepping ~*~*~tactically~*~*~ (stealth).
  7638 | D:9      | 7638 ||| Stepping ~*~*~tactically~*~*~ (hiding).
  7642 | D:9      | 7642 ||| Stepping ~*~*~tactically~*~*~ (hiding).
  7654 | D:9      | Found a basalt altar of Yredelemnul.
  7660 | D:9      | 7660 ||| INVOKING Heroism.
  7683 | D:9      | 7683 ||| INVOKING Heroism.
  8143 | D:9      | 8143 ||| Stepping ~*~*~tactically~*~*~ (hiding).
  8144 | D:9      | 8144 ||| Stepping ~*~*~tactically~*~*~ (hiding).
  8145 | D:9      | 8145 ||| Stepping ~*~*~tactically~*~*~ (hiding).
  8146 | D:9      | 8146 ||| INVOKING Heroism.
  8198 | D:9      | 8198 ||| INVOKING Heroism.
  8441 | D:9      | Found a staircase to the Lair.
  8443 | D:9      | 8443 ||| INVOKING Heroism.
  8466 | D:9      | Reached *** piety under Okawaru
  8467 | D:9      | Reached skill level 10 in Axes
  8741 | D:9      | 8741 ||| PLANNING LAIR
  8741 | D:9      | 8741 ||| READING scroll labelled DOCRUN FUEWIURUT.
  8742 | D:9      | 8742 ||| READING scroll labelled TYCEMOPP UTIGU.
  8843 | D:9      | 8843 ||| READING 2 scrolls of identify.
  8843 | D:9      | 8843 ||| IDENTIFYING metallic sapphire potion
  8844 | D:9      | 8844 ||| DROPPING potion of flight.
  8892 | Lair:1   | Entered Level 1 of the Lair of Beasts
  8995 | Lair:1   | 8995 ||| INVOKING Heroism.
  9006 | Lair:1   | Received a gift from Okawaru
  9100 | Lair:1   | 9100 ||| INVOKING Heroism.
  9199 | Lair:1   | Noticed a cane toad
  9200 | Lair:1   | 9200 ||| INVOKING Heroism.
  9208 | Lair:1   | Killed a cane toad
  9209 | Lair:1   | Reached skill level 1 in Throwing
  9209 | Lair:1   | Reached XP level 11. HP: 52/68 MP: 12/14
  9531 | Lair:1   | Found a transporter.
  9581 | Lair:1   | 9581 ||| INVOKING Heroism.
  9589 | Lair:1   | Reached skill level 3 in Throwing
  9646 | Lair:1   | 9646 ||| Stepping ~*~*~tactically~*~*~ (stealth).
  9649 | Lair:1   | 9649 ||| Stepping ~*~*~tactically~*~*~ (stealth).
  9652 | Lair:1   | 9652 ||| Stepping ~*~*~tactically~*~*~ (stealth).
  9653 | Lair:1   | 9653 ||| Stepping ~*~*~tactically~*~*~ (stealth).
  9654 | Lair:1   | 9654 ||| Stepping ~*~*~tactically~*~*~ (stealth).
  9655 | Lair:1   | 9655 ||| Stepping ~*~*~tactically~*~*~ (stealth).
  9660 | Lair:1   | 9660 ||| INVOKING Heroism.
  9684 | Lair:1   | Reached **** piety under Okawaru
  9686 | Lair:1   | HP: 13/68 [elephant (11)]
  9687 | Lair:1   | 9687 ||| READING 4 scrolls of teleportation.
  9688 | Lair:1   | 9688 ||| DRINKING 3 potions of heal wounds.
  9791 | Lair:1   | Noticed a catoblepas
  9792 | Lair:1   | 9792 ||| INVOKING Heroism.
  9804 | Lair:1   | Killed a catoblepas
  9805 | Lair:1   | Reached skill level 11 in Axes
  9882 | Lair:1   | Found a transporter.
  9887 | Lair:1   | Noticed a brown ugly thing
  9887 | Lair:1   | Noticed a white ugly thing
 10003 | Lair:1   | 10003 ||| READING 2 scrolls of brand weapon.
 10003 | Lair:1   | 10003 ||| BRANDING +1 war axe of protection.
 10134 | Lair:1   | Identified the +4 chain mail "Polanuf" {rC++}
 10189 | Lair:1   | Noticed a cacodemon
 10294 | Lair:1   | Found a one-way gate to the infinite horrors of the Abyss.
 10294 | Lair:1   | Noticed Keadol's ghost (journeyman DrCj)
 10526 | Lair:1   | 10526 ||| UPGRADING to +4 chain mail "Polanuf" {rC++}.
 10536 | Lair:1   | 10536 ||| DROPPING +7 Kryia's mail coat {PotionHeal*2 rC+}.
 10537 | Lair:1   | 10537 ||| UPGRADING to ring of fire.
 10538 | Lair:1   | 10538 ||| DROPPING ring of wizardry.
 10539 | Lair:1   | 10539 ||| READING 3 scrolls of identify.
 10539 | Lair:1   | 10539 ||| IDENTIFYING fuming pink potion
 10540 | Lair:1   | 10540 ||| DRINKING potion of experience.
 10540 | Lair:1   | Reached XP level 12. HP: 73/73 MP: 15/18
 10601 | Lair:2   | 10601 ||| Stepping ~*~*~tactically~*~*~ (stealth).
 10604 | Lair:2   | 10604 ||| INVOKING Heroism.
 10640 | Lair:2   | Reached skill level 9 in Invocations
 10697 | Lair:2   | Noticed a death yak
 10698 | Lair:2   | 10698 ||| INVOKING Heroism.
 10704 | Lair:2   | Killed a death yak
 10715 | Lair:2   | Reached ***** piety under Okawaru
 10733 | Lair:2   | 10733 ||| Stepping ~*~*~tactically~*~*~ (stealth).
 10739 | Lair:2   | 10739 ||| INVOKING Heroism.
 10766 | Lair:2   | Found a staircase to the Shoals.
 10868 | Lair:2   | 10868 ||| INVOKING Heroism.
 10911 | Lair:2   | Received a gift from Okawaru
 10969 | Lair:2   | 10969 ||| INVOKING Heroism.
 11188 | Lair:2   | Identified the +6 scale mail of Eroycus {-Tele Regen+
                  | Dex+3}
 11538 | Lair:3   | Noticed an eight-headed hydra
 11539 | Lair:3   | 11539 ||| INVOKING Heroism.
 11543 | Lair:3   | 11543 ||| SWAPPING to +0 morningstar.
 11548 | Lair:3   | Killed an eight-headed hydra
 11549 | Lair:3   | 11549 ||| SWAPPING to +1 vampiric war axe.
 11614 | Lair:3   | Noticed Nessos
 11619 | Lair:3   | 11619 ||| INVOKING Heroism.
 11620 | Lair:3   | 11620 ||| Stepping ~*~*~tactically~*~*~ (hiding).
 11624 | Lair:3   | 11624 ||| Stepping ~*~*~tactically~*~*~ (hiding).
 11628 | Lair:3   | 11628 ||| Stepping ~*~*~tactically~*~*~ (hiding).
 11629 | Lair:3   | HP: 16/73 [Nessos/arrow (9)]
 11630 | Lair:3   | 11630 ||| READING 3 scrolls of teleportation.
 11631 | Lair:3   | 11631 ||| DRINKING 2 potions of heal wounds.
 11634 | Lair:3   | Noticed a catoblepas
 11638 | Lair:3   | HP: 18/73 [catoblepas (10)]
 11639 | Lair:3   | 11639 ||| READING 2 scrolls of teleportation.
 11645 | Lair:3   | 11645 ||| FLEEEEING.
 11647 | Lair:3   | HP: 15/73 [something/blast of calcifying dust (7)]
 11649 | Lair:3   | 11649 ||| FLEEEEING.
 11650 | Lair:3   | 11650 ||| STAIRDANCE
 11911 | Lair:3   | 11911 ||| STAIRDANCE
 11922 | Lair:3   | 11922 ||| INVOKING Heroism.
 11932 | Lair:3   | Killed a catoblepas
 11932 | Lair:3   | Received a gift from Okawaru
 11952 | Lair:3   | 11952 ||| READING scroll of enchant weapon.
 11952 | Lair:3   | 11952 ||| ENCHANTING +1 vampiric war axe.
 11966 | Lair:3   | 11966 ||| INVOKING Finesse.
 11970 | Lair:3   | 11970 ||| INVOKING Heroism.
 12000 | Lair:3   | Reached skill level 9 in Fighting
 12003 | Lair:3   | Reached XP level 13. HP: 80/80 MP: 15/20
 12039 | Lair:3   | 12039 ||| INVOKING Finesse.
 12049 | Lair:3   | 12049 ||| INVOKING Heroism.
 12050 | Lair:3   | HP: 15/80 [Nessos/arrow (7)]
 12051 | Lair:3   | 12051 ||| READING scroll of teleportation.
 12052 | Lair:3   | 12052 ||| DRINKING potion of heal wounds.
 12087 | Lair:3   | 12087 ||| FLEEEEING.
 12089 | Lair:3   | 12089 ||| STAIRDANCE
 12375 | Lair:3   | 12375 ||| INVOKING Heroism.
 12407 | Lair:3   | Found a staircase to the Snake Pit.
 12444 | Lair:3   | 12444 ||| INVOKING Heroism.
 12447 | Lair:3   | 12447 ||| SWAPPING to +0 morningstar.
 12458 | Lair:3   | HP: 20/80 [Nessos/arrow (16)]
 12459 | Lair:3   | HP: 8/80 [six-headed hydra (7)]
 12460 | Lair:3   | Slain by a six-headed hydra

Levels and vault maps discovered:
D:1:      eino_arrival_water_star, layout_loops_ring, hangedman_glass_teeth
D:2:      layout_basic, basic_ecumenical_altar
D:3:      layout_rooms, st_stairs_2, minmay_misc_feat_cross
D:4:      layout_rooms, mainiacjoe_overflow_concentric_impassable,
          minmay_temple_entry_nine_rooms, minmay_misc_feat_square,
          chequers_hall_statues_corner_a, uniq_natasha, uniq_grinder
D:5:      layout_basic, mainiacjoe_overflow_catwalk,
          gammafunk_temple_overflow_statue, serial_shops, shop_statue,
          uniq_crazy_yiuf_cottage, uniq_sigmund
D:6:      layout_basic
D:7:      layout_rooms, nicolae_uskayaw_murder_on_the_dancefloor,
          minmay_misc_feat_rugged, grunt_ministairs_9
D:8:      layout_cave_pools, mainiacjoe_overflow_tiny_flanked, serial_undead,
          serial_undead_c, serial_undead_f, serial_undead_e, serial_undead_f,
          serial_undead_c, serial_shops, shop
D:9:      layout_long_grid, mainiacjoe_overflow_chevrons, david_lair_shrubbed
Temple:   nicolae_temple_ecumenical_triangle
Lair:1:   layout_layer_cave, gammafunk_ghost_abyssal_escape
Lair:2:   layout_regular_city, shoals_dummy_entry
Lair:3:   layout_long_grid, dummy_snake_entry, grunt_forest_stairs_clearing,
          lemuel_fruit_tree, uniq_nessos

Skill      XL: |  1  2  3  4  5  6  7  8  9 10 11 12 |
---------------+-------------------------------------+-----
Axes           | 2 3 4 5 6 8 9 10 11 | 11.7
Shields        | 4 5 6 7 8 9 10 | 10.0
Fighting       | 4 5 6 8 9 |  9.0
Dodging        | 1 2 |  2.7
Invocations    | 4 8 10 | 10.1
Armour         | 4 5 8 |  8.5
Throwing       | 1 3 4 |  4.1

Action                   |  1- 3 |  4- 6 |  7- 9 | 10-12 | 13-15 || total
-------------------------+-------+-------+-------+-------+-------++-------
Melee: War axe           |    67 |    73 |   261 |   490 |    55 ||   946
       Morningstar       |       |       |       |     3 |    12 ||    15
Throw: Boomerang         |    43 |    35 |       |       |       ||    78
       Javelin           |       |       |       |    27 |     3 ||    30
Invok: Heroism           |       |       |     4 |    23 |     3 ||    30
       Finesse           |       |       |       |     1 |     1 ||     2
  Use: Scroll            |     8 |     3 |     9 |    11 |     1 ||    32
       Potion            |     1 |     1 |     5 |     3 |     1 ||    11
Armor: Scale mail        |    34 |    43 |   180 |   243 |       ||   500
       Chain mail        |       |       |       |    74 |    64 ||   138
Dodge: Dodged            |    28 |    28 |   115 |   197 |    34 ||   402
Block: Buckler           |    14 |    10 |       |       |       ||    24
       Kite shield       |       |    20 |   177 |   293 |    82 ||   572

Table legend:
 A = Non-vault XP
 B = Vault XP
 C = Vault XP percentage of total XP
 D = Non-vault monster count
 E = Vault monster count
 F = Vault count percentage of total count
                 A         B        C        D         E       F
            +---------+---------+-------+---------+---------+-------
      Total |   21563 |    1835 |   7.8 |     247 |      22 |   8.2
            +---------+---------+-------+---------+---------+-------
        D:1 |      56 |       0 |   0.0 |      32 |       0 |   0.0
        D:2 |      23 |       0 |   0.0 |       6 |       0 |   0.0
        D:3 |      50 |       1 |   2.0 |      16 |       1 |   5.9
        D:4 |     527 |     314 |  37.3 |      20 |       2 |   9.1
        D:5 |     598 |     214 |  26.4 |      20 |       1 |   4.8
        D:6 |    1058 |       3 |   0.3 |      24 |       1 |   4.0
        D:7 |    1744 |     116 |   6.2 |      18 |       5 |  21.7
        D:8 |     559 |     552 |  49.7 |      19 |      10 |  34.5
        D:9 |    1037 |     343 |  24.9 |      25 |       1 |   3.8
     Lair:1 |    6101 |       0 |   0.0 |      22 |       0 |   0.0
     Lair:2 |    4808 |       0 |   0.0 |      20 |       0 |   0.0
     Lair:3 |    5002 |     292 |   5.5 |      25 |       1 |   3.8
            +---------+---------+-------+---------+---------+-------
